 Dungeon Crawl Stone Soup version 0.14-a0-1773-ge500af7 (webtiles) character file.

583 Psiweapon the Vexing (level 6, -2/41 HPs)
             Began as a Vampire Enchanter on Jan 6, 2014.
             Killed by divine providence
             ... invoked by an orc priest
              (10 damage)
             ... on Level 4 of the Dungeon.
             The game lasted 00:26:51 (5312 turns).

Psiweapon the Vexing (Vampire Enchanter)            Turns: 5312, Time: 00:26:52

HP  -2/41        AC  5     Str  8      XL: 6   Next: 96%
MP   3/10        EV 15     Int 17      God:
Gold 79          SH  0     Dex 15      Spells:  3 memorised,  2 levels left

rFire  . . .     SeeInvis +     a - +1 dagger
rCold  + . .     Clarity  .     b - +1 robe
rNeg   + + .     Conserve .     (no shield)
rPois  +         rCorr    .     (no helmet)
rElec  .         rRot     +     e - +0 elf cloak (curse)
SustAb . .       Spirit   .     A - +0 pair of gloves
rMut   .         Warding  .     (no boots)
Saprov . . .     Stasis   .     (no amulet)
                                (no ring)
                                (no ring)

@: regenerating slowly, very slightly contaminated, slightly resistant to
hostile enchantments, very stealthy
A: bottle blood, fangs 3, see invisible, unbreathing
a: Bat Form, Bottle Blood


You were on level 4 of the Dungeon.
You were very thirsty.

You visited 1 branch of the dungeon, and saw 5 of its levels.

You collected 79 gold pieces.

Inventory:

Hand weapons
 a - a +1,+1 dagger (weapon)
 l - a +0,+1 sling of frost
 t - a +1,+0 dwarven dagger
Missiles
 d - 37 darts (quivered)
 f - 9 arrows of dispersal
 m - 11 sling bullets of flame
Armour
 b - a +1 robe (worn)
 e - a cursed +0 elven cloak (worn)
 s - a +0 cloak
 A - a +0 pair of gloves (worn)
Magical devices
 x - a wand of cold (0)
 y - a wand of flame (8)
Scrolls
 g - a scroll of random uselessness {unknown}
 j - 4 scrolls of identify
 o - 2 scrolls of magic mapping {unknown}
 p - a scroll of curse weapon {unknown}
 q - a scroll of immolation {unknown}
 z - 2 scrolls of remove curse
 G - 3 scrolls of blinking
Jewellery
 v - an uncursed ring of see invisible
Potions
 h - 2 potions of brilliance {unknown}
 i - 2 potions of restore abilities {unknown}
 k - a potion of might {unknown}
 n - a potion of magic {unknown}
 r - a potion of speed {unknown}
 u - 8 potions of curing {unknown}
 w - a potion of blood
 C - 2 potions of agility {unknown}
 E - a potion of experience {unknown}
Books
 c - a book of Maledictions

   Spells                             Type                      Level
   *Corona                            Hexes                        1
   Sure Blade                         Hexes/Charms                 2
   *Ensorcelled Hibernation           Hexes/Ice                    2
   Confuse                            Hexes                        3
   *Enslavement                       Hexes                        4
   Invisibility                       Hexes                        6


   Skills:
 + Level 2.9 Short Blades
 - Level 0.7 Throwing
 + Level 4.9 Dodging
 + Level 6.8 Stealth
 - Level 2.0 Spellcasting
 + Level 7.0 Hexes


You had 2 spell levels left.
You knew the following spells:

 Your Spells              Type           Power        Failure   Level  Hunger
a - Corona                Hex            ####...      1%          1    #......
b - Ensorcelled Hibernat  Hex/Ice        ##....       10%         2    ###....
c - Enslavement           Hex            ####....     12%         4    #####..


Dungeon Overview and Level Annotations

Branches:
Dungeon (5/16)
 Temple: D:4-7

Altars:
Elyvilon

Annotations:
D:3 exclusion: orc priest
D:4 exclusions: door and 1 more exclusion


Innate Abilities, Weirdness & Mutations

You heal slowly.
You can bottle blood from corpses.
You have razor-sharp teeth.*
You have supernaturally acute eyesight.
You can survive without breathing.*


Message History

Confirm with . or Enter, or press ? or * to list all spells.
Aiming: Ensorcelled Hibernation
Press: ? - help, Shift-Dir - straight line, f/p - orc priest
Aim: an orc priest, wielding an orcish mace The orc priest looks drowsy...
The giant cockroach completely misses you.
The jackal closely misses you.
The helpless orc priest fails to defend itself.
You bite the orc priest, and draw its blood!
You feel better.
You feel slightly less thirsty.
You perforate the orc priest like a sieve!!!
You kill the orc priest!
Your Hexes skill increases to level 7!
The jackal misses you. The giant cockroach closely misses you.
The orc priest invokes the aid of Beogh against you.
Something smites you!
* * * LOW HITPOINT WARNING * * *
The orc priest calls down the wrath of Beogh upon you.
Something smites you!
You die...

# #######+## #########+#######
#....%(... ####...............#
#......... #..'...............#
#......... ..##............@s.#
###.........
####............hg.###%o.........
#..............)%oo.#.(..$....
#...............#####.........
#....#+#####%...# ##o#######
######.....+.#### .. ####.###.###
#.# #..#.# #.# '###
###'##.###h###### .....


You could see an orc priest, an orc, a jackal, a giant cockroach and a goblin.

Vanquished Creatures
  An ogre (D:3)
  Duvessa (D:4)
  Dowan (D:4)
  An orc priest (D:4)
  A worker ant (D:4)
  An iguana (D:4)
  An orc wizard (D:4)
  3 hound skeletons (D:4)
  A gnoll (D:1)
  6 adders
  2 worms (D:3)
  4 giant geckos
  An ooze (D:3)
  4 orcs
  9 bats
  2 giant cockroaches
  10 hobgoblins
  6 jackals
  2 quokkas
  A ball python (D:1)
  6 giant newts
  8 goblins
  8 kobolds
  11 rats
91 creatures vanquished.

Notes
Turn   | Place    | Note
--------------------------------------------------------------
     0 | D:1      | Psiweapon, the Vampire Enchanter, began the quest for the Orb.
     0 | D:1      | Reached XP level 1. HP: 13/13 MP: 3/3
   549 | D:1      | Reached XP level 2. HP: 10/19 MP: 4/4
  1166 | D:1      | Reached XP level 3. HP: 18/24 MP: 6/6
  1896 | D:2      | Learned a level 2 spell: Ensorcelled Hibernation
  2122 | D:2      | Reached skill level 5 in Hexes
  2815 | D:3      | Reached XP level 4. HP: 21/30 MP: 1/7
  3062 | D:3      | Reached skill level 5 in Stealth
  3232 | D:4      | Reached XP level 5. HP: 26/35 MP: 9/9
  3928 | D:3      | Reached skill level 6 in Hexes
  4128 | D:3      | Found a white marble altar of Elyvilon.
  4197 | D:4      | Noticed an ogre
  4235 | D:3      | Killed an ogre
  4235 | D:3      | Reached XP level 6. HP: 25/41 MP: 0/10
  4517 | D:5      | Entered Level 5 of the Dungeon
  4546 | D:4      | Noticed Duvessa
  4546 | D:4      | Noticed Dowan
  4564 | D:4      | Killed Duvessa
  4570 | D:4      | Killed Dowan
  4653 | D:4      | Learned a level 4 spell: Enslavement
  5311 | D:4      | Reached skill level 7 in Hexes
  5312 | D:4      | Killed from afar by an orc priest

Action                   |  1- 3 |  4- 6 || total
-------------------------+-------+-------++-------
Melee: Dagger            |   136 |   184 ||   320
       Unarmed           |       |     2 ||     2
 Fire: Sling             |    13 |     1 ||    14
Throw: Dart              |     2 |     5 ||     7
 Cast: Corona            |     1 |     1 ||     2
       Ensorcelled Hiber |     5 |    29 ||    34
 Abil: End Transformatio |       |     3 ||     3
       Bat Form          |       |     3 ||     3
       Bottle Blood      |       |     3 ||     3
Evoke: Wand              |       |     3 ||     3
  Use: Scroll            |       |     3 ||     3
       Potion            |       |     2 ||     2
 Stab: Sleeping          |    13 |    21 ||    34
